Map: [ESL] Alcyone

Players

MCanning

  • Race: Protoss Protoss
  • Spawn Location: 1:00

Scarlett - Winner!

  • Race: Zerg Zerg
  • Spawn Location: 7:00

Event: ESL SC2 Masters 2023 Winter (Regional)

VOD

Have the link to the VOD?

Description

Time

  • Played on: Oct. 27, 2023, 2:26 p.m.
  • Length: 15:07

All games in this series

Show
View Real Time Build Order
Export as new Build Order

MCanning Protoss 

Build Orders: 1 Gate Expand 

Get SALT Encoding   

  12  0:00  Probe  
  13  0:12  Probe  
  14  0:20  Pylon  
  14  0:24  Probe  
  15  0:38  Gateway, Probe (Chrono Boost)  
  16  0:48  Assimilator  
  16  0:49  Probe (Chrono Boost)  
  17  0:53  Probe (Chrono Boost)  
  18  1:04  Probe  
  19  1:17  Probe  
  20  1:24  Nexus  
  20  1:33  Cybernetics Core  
  20  1:35  Probe  
  21  1:42  Assimilator  
  21  1:48  Probe  
  21  1:54  Pylon  
  22  2:00  Probe (Chrono Boost)  
  23  2:10  Adept (Chrono Boost)  
  23  2:11  Probe (Chrono Boost)  
  26  2:20  Stargate, Probe  
  27  2:32  Stalker, Probe  
  31  2:37  Probe  
  31  2:38  Warp Gate  
  31  2:45  Probe (Chrono Boost)  
  31  2:49  Probe (Chrono Boost)  
  34  3:01  Probe (Chrono Boost)  
  34  3:02  Probe (Chrono Boost)  
  35  3:06  Probe (Chrono Boost)  
  35  3:08  Probe (Chrono Boost)  
  35  3:10  Void Ray (Chrono Boost)  
  41  3:15  Probe  
  41  3:19  Pylon  
  42  3:20  Probe  
  42  3:26  Gateway  
  43  3:27  Probe  
  43  3:33  Assimilator  
  44  3:35  Twilight Council  
  44  3:37  Assimilator  
  44  3:45  Probe  
  45  3:55  Gateway  
  45  3:59  Gateway  
  45  4:00  Gateway  
  45  4:02  Probe  
  46  4:03  Probe  
  46  4:05  Resonating Glaives (Chrono Boost)  
  46  4:07  Pylon  
  47  4:14  Probe  
  49  4:17  Pylon  
  49  4:26  Probe  
  49  4:28  Nexus  
  49  4:31  Pylon  
  49  4:35  Adept  
  49  4:36  Adept  
  54  4:38  Probe  
  54  4:43  Probe  
  55  4:50  Probe  
  56  4:55  Adept x3  
  56  4:56  Adept  
  56  4:58  Adept  
  66  5:02  Probe, Pylon  
  66  5:04  Probe  
  68  5:20  Adept x2  
  68  5:21  Adept x2  
  74  5:27  Probe  
  77  5:31  Robotics Facility  
  77  5:32  Pylon  
  77  5:33  Assimilator  
  78  5:43  Charge  
  78  5:46  Forge  
  78  5:47  Gateway  
  78  5:51  Adept x3  
  78  5:54  Probe  
  84  6:01  Probe  
  83  6:12  Probe (Chrono Boost)  
  83  6:15  Probe (Chrono Boost)  
  83  6:17  Probe (Chrono Boost)  
  83  6:18  Gateway  
  83  6:20  Protoss Ground Weapons Level 1  
  83  6:22  Phoenix (Chrono Boost)  
  83  6:24  Probe (Chrono Boost)  
  85  6:25  Dark Shrine, Probe (Chrono Boost)  
  85  6:26  Probe (Chrono Boost)  
  85  6:28  Probe (Chrono Boost)  
  85  6:30  Probe (Chrono Boost), Adept x2  
  85  6:31  Probe (Chrono Boost)  
  90  6:38  Probe  
  86  6:41  Probe  
  86  6:44  Phoenix (Chrono Boost)  
  89  6:49  Immortal (Chrono Boost)  
  89  6:52  Robotics Bay  
  89  6:53  Probe  
  92  7:00  Shield Battery  
  88  7:04  Assimilator  
  88  7:07  Assimilator, Probe  
  88  7:08  Pylon  
  91  7:10  Photon Cannon  
  91  7:14  Pylon  
  91  7:16  Zealot, Stalker  
  95  7:26  Pylon  
  95  7:27  Phoenix, Probe  
  96  7:36  Disruptor (Chrono Boost)  
  96  7:42  Robotics Facility, Probe  
  99  7:48  Probe  
  99  7:50  Probe  
  95  7:54  Probe  
  95  7:57  Dark Templar  
  95  7:58  Pylon  
  98  8:00  Dark Templar  
  98  8:03  Dark Templar  
  98  8:05  Zealot, Stalker  
  104  8:06  Zealot x2  
  104  8:12  Nexus  
  110  8:14  Disruptor (Chrono Boost), Pylon  
  110  8:16  Blink  
  114  8:22  Gateway  
  114  8:25  Protoss Ground Weapons Level 2 (Chrono Boost)  
  114  8:27  Disruptor (Chrono Boost)  
  114  8:31  Probe  
  117  8:37  Photon Cannon  
  117  8:38  Photon Cannon, Probe  
  117  8:40  Shield Battery  
  118  8:45  Probe  
  118  8:47  Probe  
  116  8:54  Gateway  
  116  8:59  Dark Templar x2  
  116  9:00  Stalker x3  
  126  9:06  Probe  
  126  9:08  Probe  
  130  9:10  Warp Prism (Chrono Boost)  
  130  9:11  Archon  
  130  9:12  Dark Templar  
  130  9:15  Observer (Chrono Boost)  
  133  9:18  Probe  
  133  9:19  Pylon  
  133  9:21  Stalker x2  
  133  9:23  Stalker  
  140  9:28  Disruptor (Chrono Boost)  
  144  9:37  Zealot  
  144  9:38  Zealot x2  
  146  9:46  Dark Templar  
  146  9:47  Probe x2  
  146  9:48  Stalker x2  
  146  9:49  Stalker  
  154  9:54  Zealot x2  
  158  10:02  Templar Archives  
  150  10:07  Stalker x2  
  150  10:13  Probe  
  155  10:15  Assimilator  
  155  10:19  Assimilator  
  155  10:20  Protoss Ground Weapons Level 3 (Chrono Boost)  
  155  10:24  Zealot x4  
  161  10:29  Probe  
  161  10:32  Probe  
  161  10:33  Psionic Storm  
  163  10:38  Immortal  
  163  10:42  Pylon  
  167  10:48  Pylon  
  167  10:49  Nexus  
  165  10:50  Pylon  
  165  10:53  Zealot x3  
  165  11:09  High Templar x3  
  163  11:16  Photon Cannon  
  163  11:17  Photon Cannon  
  163  11:18  Photon Cannon  
  163  11:19  Shield Battery  
  163  11:20  Shield Battery  
  163  11:22  Immortal x2  
  163  11:23  Pylon  
  163  11:25  Probe  
  172  11:39  High Templar  
  164  11:40  Zealot x5  
  158  11:51  Zealot x3  
  150  12:01  Immortal x2  
  150  12:06  Stalker x3  
  157  12:18  Zealot x5  
  157  12:19  Zealot  
  157  12:40  Disruptor, Probe  
  157  12:41  Immortal  
  157  12:43  Dark Templar x2  
  157  12:44  Dark Templar x2  
  172  12:47  Zealot  
  172  12:48  Zealot x4  
  172  12:51  Protoss Ground Armor Level 1 (Chrono Boost)  
  170  12:58  Probe  
  170  12:59  Probe  
  170  13:00  Probe  
  170  13:04  Photon Cannon  
  170  13:05  Photon Cannon  
  167  13:10  Dark Templar  
  167  13:11  Dark Templar  
  167  13:12  Zealot x3  
  162  13:17  Immortal (Chrono Boost)  
  152  13:20  Immortal (Chrono Boost)  
  152  13:25  Zealot  
  152  13:26  Zealot x3  
  130  13:34  Probe  
  130  13:37  Zealot x3  
  130  13:38  Probe  
  134  13:42  Probe  
  134  13:46  Probe  
  134  13:48  High Templar x3  
  136  13:55  Observer (Chrono Boost), Dark Templar  
  143  13:58  Photon Cannon  
  143  13:59  Probe  
  143  14:02  High Templar x2  
  148  14:07  Archon  
  148  14:08  Zealot x3  
  132  14:27  Probe  
  109  14:40  Zealot, Probe  
  109  14:41  Zealot x5  
  109  14:44  Probe  
  109  14:45  Stalker x3  
  106  15:00  Archon  
  106  15:02  Stalker x6  
Show
View Real Time Build Order
Export as new Build Order

Scarlett Zerg - Winner!

Build Orders: Hatch First, Roach Hydra 

Get SALT Encoding   

  12  0:00  Drone  
  13  0:12  Overlord  
  13  0:16  Drone  
  14  0:30  Drone x2  
  16  0:47  Hatchery  
  15  0:50  Drone  
  15  0:54  Drone  
  17  0:57  Drone  
  18  1:09  Extractor  
  17  1:12  Spawning Pool  
  17  1:15  Drone  
  17  1:19  Drone  
  18  1:28  Drone  
  19  1:39  Drone  
  20  1:49  Drone  
  21  1:59  Zergling x2, Queen x2  
  21  2:00  Overlord  
  26  2:09  Drone  
  26  2:11  Drone  
  28  2:17  Metabolic Boost  
  28  2:22  Drone x2  
  30  2:30  Hatchery  
  30  2:35  Drone x2  
  31  2:41  Queen  
  33  2:46  Overlord  
  33  2:53  Drone x2  
  35  3:00  Drone  
  35  3:04  Queen, Overlord  
  38  3:08  Drone x2  
  40  3:13  Drone x2  
  42  3:20  Queen  
  42  3:22  Overlord  
  44  3:28  Drone x2  
  44  3:33  Drone  
  47  3:37  Drone  
  48  3:45  Drone x4, Queen  
  54  3:51  Overlord x2  
  54  3:53  Lair  
  54  4:01  Overlord  
  54  4:03  Drone x4  
  54  4:06  Overlord  
  58  4:12  Extractor, Queen  
  58  4:14  Zergling x2  
  58  4:15  Drone x2  
  62  4:18  Drone x3  
  62  4:23  Drone x3  
  67  4:26  Drone x2  
  69  4:31  Roach Warren  
  69  4:32  Drone x2  
  69  4:36  Drone x3  
  69  4:37  Drone  
  74  4:44  Overlord  
  74  4:46  Extractor  
  74  4:52  Drone x8  
  81  4:57  Spire  
  80  5:01  Queen x2  
  80  5:04  Overseer  
  84  5:08  Zergling x4  
  84  5:12  Extractor x2, Overlord  
  84  5:14  Zergling x10, Extractor  
  83  5:19  Queen  
  83  5:20  Glial Reconstitution  
  89  5:23  Drone, Overlord  
  89  5:24  Drone x2  
  89  5:27  Drone  
  89  5:28  Drone x3  
  96  5:36  Hatchery  
  93  5:50  Overlord x3  
  93  5:58  Roach x9  
  93  6:01  Zergling x2, Roach  
  93  6:02  Overlord  
  108  6:12  Roach x5  
  116  6:22  Roach x3  
  117  6:35  Zergling x2, Roach x6  
  128  6:50  Drone x9  
  137  6:54  Zerg Flyer Weapons Level 1  
  137  6:55  Drone  
  137  7:01  Drone x4  
  142  7:07  Evolution Chamber  
  141  7:08  Evolution Chamber  
  141  7:09  Drone x3  
  141  7:12  Baneling Nest  
  142  7:16  Drone x3  
  142  7:19  Overlord  
  145  7:26  Drone x6  
  145  7:27  Drone  
  151  7:36  Drone  
  151  7:37  Overlord x5  
  150  7:47  Zerg Melee Weapons Level 1, Zerg Missile Weapons Level 1  
  150  7:51  Drone x4  
  151  7:52  Hydralisk Den  
  151  7:53  Overlord x7  
  150  8:01  Centrifugal Hooks  
  150  8:02  Infestation Pit  
  149  8:07  Overlord  
  149  8:10  Pneumatized Carapace, Overseer, Spore Crawler  
  149  8:12  Spore Crawler  
  147  8:14  Spore Crawler, Spine Crawler  
  147  8:15  Spine Crawler  
  147  8:17  Drone x2, Spore Crawler, Spine Crawler  
  147  8:18  Drone x2  
  147  8:19  Spine Crawler  
  145  8:20  Drone x2  
  145  8:23  Grooved Spines  
  147  8:28  Hydralisk x4  
  155  8:34  Hydralisk  
  155  8:35  Hydralisk x2  
  160  8:43  Drone x3  
  160  8:44  Drone x4  
  160  8:45  Hive  
  162  8:51  Zergling x2  
  162  8:52  Hydralisk  
  162  8:53  Hydralisk x3  
  171  9:00  Drone  
  171  9:01  Drone  
  173  9:04  Hatchery  
  172  9:17  Zerg Flyer Weapons Level 2  
  172  9:19  Muscular Augments  
  172  9:20  Hydralisk x9  
  187  9:32  Drone x13  
  187  9:37  Extractor  
  198  9:41  Spine Crawler  
  198  9:42  Spine Crawler  
  198  9:45  Zerg Ground Armor Level 1, Zerg Missile Weapons Level 2, Spine Crawler  
  195  9:47  Overseer  
  195  9:59  Zergling x10  
  192  10:12  Extractor  
  183  10:14  Viper x3  
  183  10:16  Viper  
  183  10:18  Zergling x10  
  183  10:20  Hatchery  
  199  10:24  Spine Crawler x2  
  199  10:25  Spine Crawler x2  
  199  10:28  Hydralisk x3  
  199  10:36  Spine Crawler  
  199  10:37  Spore Crawler  
  199  10:40  Hydralisk  
  199  10:41  Zergling x2  
  198  11:02  Adrenal Glands  
  196  11:26  Spine Crawler x2  
  196  11:27  Spine Crawler  
  193  11:37  Hydralisk x4  
  199  11:46  Viper  
  196  11:50  Hydralisk x2  
  198  11:58  Zerg Melee Weapons Level 2, Greater Spire  
  180  12:04  Zergling x40  
  180  12:06  Overseer x3  
  168  12:23  Zergling x2, Hydralisk x6  
  168  12:24  Zergling x38  
  198  12:48  Zergling x4  
  188  13:01  Hydralisk x6  
  188  13:02  Hydralisk  
  197  13:12  Hydralisk x3  
  198  13:13  Zergling x2  
  193  13:21  Overseer  
  161  13:52  Mutalisk x14, Hatchery  
  161  13:55  Zergling x18  
  196  14:05  Drone  
  197  14:10  Spore Crawler  
  197  14:12  Spore Crawler  
  197  14:13  Unknown, Spine Crawler  
  197  14:14  Spore Crawler  
  186  14:23  Hydralisk  
  186  14:24  Hydralisk x12  
  179  14:38  Hydralisk  
  179  14:39  Zergling x18, Hydralisk x4  
  195  14:53  Hatchery  
Tags
 
Add a new tag
Caveats
  • Supply blocks, unpowered buildings, or Contaminate may cause inaccurate times.
  • Supply counts are checked every 10 seconds.